 Dungeon Crawl Stone Soup version 0.18-b1-22-ge198996 (webtiles) character file.

143974 HaroldButt the Black Belt (level 16, -3/125 HPs)
             Began as a Vampire Monk on May 3, 2016.
             Was the Champion of Cheibriados.
             Slain by the 27-headed Lernaean hydra (14 damage)
             ... on level 4 of the Swamp on May 4, 2016.
             The game lasted 02:22:17 (28978 turns).

HaroldButt the Black Belt (Vampire Monk)           Turns: 28978, Time: 02:22:18

Health: -3/125     AC: 22    Str: 30    XL:     16   Next: 84%
Magic:  24/24      EV: 36    Int: 32    God:    Cheibriados [******]
Gold:   2216       SH:  0    Dex: 36    Spells: 0 memorised, 15 levels left

rFire  . . .     SeeInvis +       - Unarmed
rCold  + + .     Gourm    .     P - +2 ring mail {MR+}
rNeg   . . .     Faith    .     (no shield)
rPois  +         Spirit   .     o - +2 helmet
rElec  .         Dismiss  .     M - +2 cloak
rCorr  .         Reflect  .     r - +2 pair of gloves
SustAt .         Harm     .     G - +2 pair of boots
MR     +++..                    s - amulet "Kugritofi" {RegenMP rC+ MR+ MP-9 Int+2}
Stlth  ++++......               p - ring of protection from cold
                                D - ring "Rit Lydgh" {rPois MP+9}

@: agile, regenerating quickly, very slow, extremely resistant to hostile
enchantments, stealthy
A: fangs 3, see invisible, unbreathing
a: Bend Time, Temporal Distortion, Slouch, Step From Time, Renounce Religion


You were on level 4 of the Swamp.
You worshipped Cheibriados.
Cheibriados was exalted by your worship.
You were very full.

You visited 5 branches of the dungeon, and saw 30 of its levels.
You also visited: Labyrinth and Sewer.

You collected 3520 gold pieces.
You spent 1304 gold pieces at shops.

Inventory:

Hand Weapons
 u - a +2 blowgun
Missiles
 f - 7 throwing nets (quivered)
 m - 8 curare-tipped needles
 v - 79 poisoned needles
Armour
 o - a +2 helmet (worn)
 r - a +2 pair of gloves (worn)
 G - a +2 pair of boots (worn)
 M - a +2 cloak (worn)
 P - a +2 ring mail of magic resistance (worn)
 S - a +0 shield of reflection
Rods
 R - a +6 rod of clouds (10/10)
   (You found it in a labyrinth)
Jewellery
 p - a ring of protection from cold (right hand)
 s - the amulet "Kugritofi" (around neck) {RegenMP rC+ MR+ MP-9 Int+2}
   (You bought it in a shop on level 2 of the Orcish Mines)

   [amulet of magic regeneration]

   It increases your magic regeneration.
   It affects your intelligence (+2).
   It protects you from cold.
   It affects your resistance to hostile enchantments.
   It affects your magic capacity (-9).
 D - the ring "Rit Lydgh" (left hand) {rPois MP+9}
   (You found it on level 3 of the Swamp)

   [ring of magical power]

   It protects you from poison.
   It affects your magic capacity (+9).
 I - an uncursed ring of protection from fire
 O - an uncursed ring of resist corrosion
Wands
 d - a wand of iceblast (11/15)
 k - a wand of iceblast (4/15)
 y - a wand of acid (3/15)
 A - a wand of digging (3/24)
 E - a wand of polymorph (15/24)
 J - a wand of heal wounds (2/9)
 K - a wand of acid (9/15)
 U - a wand of iceblast (7/15)
 W - a wand of disintegration (11/24)
 Y - a wand of iceblast (10/15)
Scrolls
 a - 2 scrolls of recharging
 c - 8 scrolls of remove curse
 e - 2 scrolls of immolation
 h - 5 scrolls of magic mapping
 l - 8 scrolls of teleportation
 q - 4 scrolls of identify
 w - 5 scrolls of fog
 L - 3 scrolls of blinking
 V - a scroll of silence
 X - 2 scrolls of enchant armour
 Z - a scroll of amnesia
Potions
 b - 2 potions of blood
 g - 5 potions of brilliance
 i - 7 potions of curing
 j - a potion of cure mutation
 n - 3 potions of flight
 t - a potion of agility
 B - a potion of invisibility
 C - a potion of ambrosia


   Skills:
 + Level 11.0 Fighting
 - Level 9.0 Armour
 + Level 15.2 Dodging
 - Level 3.0 Stealth
 - Level 20.1 Unarmed Combat
 - Level 11.1 Invocations


You had 15 spell levels left.
You didn't know any spells.

Dungeon Overview and Level Annotations

Branches:
Dungeon (15/15)            Temple (1/1) D:7            Lair (8/8) D:10
  Swamp (4/4) Lair:6       Spider (0/4) Lair:6        Slime (0/6) Lair:7
    Orc (2/2) D:12            Elf (0/3) Orc:2        Vaults (0/5) D:14
 Depths (0/5) D:15

Altars:
Ashenzari
Cheibriados
Dithmenos
Elyvilon
Fedhas
Gozag
Kikubaaqudgha
Makhleb
Nemelex Xobeh
Okawaru
Pakellas
Qazlal
Ru
Sif Muna
Trog
Vehumet
Xom
Yredelemnul
Zin
The Shining One

Shops:
D:4 *?%}?   D:12 *=}   D:13 }}?   Orc:1 [   Orc:2 [*=%(=

Annotations:
Swamp:4 Lernaean hydra


Innate Abilities, Weirdness & Mutations

Your natural rate of healing is unusually fast.
You have razor-sharp teeth.
You have supernaturally acute eyesight.
You can survive without breathing.


Message History

* * * LOW HITPOINT WARNING * * *
The 27-headed Lernaean hydra bites you but does no damage.
The 27-headed Lernaean hydra barely misses you.
The 27-headed Lernaean hydra bites you but does no damage.
The 27-headed Lernaean hydra barely misses you.
The spiny frog misses you.
You beat the 27-headed Lernaean hydra into a bloody pulp!!!
You bite the 27-headed Lernaean hydra!!
The 27-headed Lernaean hydra is severely wounded.
The spiny frog completely misses you. The 27-headed Lernaean hydra bites you.
* * * LOW HITPOINT WARNING * * *
The 27-headed Lernaean hydra misses you.
The 27-headed Lernaean hydra completely misses you.
The 27-headed Lernaean hydra bites you!
* * * LOW HITPOINT WARNING * * *
The 27-headed Lernaean hydra completely misses you.
The 27-headed Lernaean hydra misses you.
The 27-headed Lernaean hydra completely misses you. x3
The 27-headed Lernaean hydra bites you!
You die...

♣♣....†≈≈≈≈≈≈♣*****≈,≈*,,,≈
♣.≈....♣≈≈♣♣♣#*≈≈≈≈*,≈*≈≈≈,
♣♣♣♣♣.≈.♣.♣≈≈♣♣ *≈≈≈,,,,,,,,,,
♣♣♣≈≈♣♣♣.♣♣♣♣≈#≈♣* **≈≈≈*≈≈≈≈,≈≈≈
.≈.≈≈....≈♣ ♣♣.≈≈♣* **≈≈,≈,≈,≈*≈,
..≈≈≈≈≈≈..♣♣**.#≈≈♣ *≈≈≈≈≈,≈≈*≈≈≈
≈≈♣....≈≈≈≈♣*≈.♣≈♣♣#*≈≈≈*≈,≈,≈≈≈,
≈≈..≈♣♣♣.§≈♣♣≈♣♣♣F≈#***≈##≈≈,**,*
≈..♣♣♣ ♣♣♣♣≈≈♣♣♣@≈## **≈≈D≈≈≈≈*≈≈
≈.♣♣****♣♣♣.♣♣♣D###*##§≈.≈D*≈,≈**
≈≈♣*≈,≈♣♣..††≈♣..D##§§.≈≈≈.≈≈,*≈≈
≈.♣≈,,.♣≈≈...§≈....†....≈..,,,,,≈
≈♣♣,....≈≈≈....≈...#≈≈..≈≈≈,≈,≈≈,
♣♣,≈≈≈..≈≈≈≈≈≈≈♣.####≈≈≈≈≈≈*≈≈≈≈≈
.≈≈≈≈≈..§≈≈...♣♣♣.≈**###≈≈#***≈**
≈≈≈≈≈≈≈≈≈≈≈.≈.≈♣*♣♣.≈* **## ***
≈≈≈≈≈≈≈.≈≈≈....♣****♣♣ ****


You could see the 27-headed Lernaean hydra and a spiny frog.

Vanquished Creatures
  Kirke (Lair:7)
  A thorn hunter (Swamp:2)
  Donald (Orc:2)
  A fire giant (D:15)
  An orc warlord (D:13)
  Nessos (D:15)
  The ghost of solomonrf the Severer, a journeyman MiBe of Trog (Orc:2)
  The ghost of minicreteconcrete the Nimble, a journeyman DrBe of Trog (D:13)
  Snorg (Orc:1)
  An ettin (Orc:1)
  24 hydras
  A minotaur (Lab)
  The ghost of BrandedWarrior the Tainter, a journeyman DEVM of Vehumet (Orc:2)
  3 centaur warriors
  Harold (Lair:2)
  Erica (Lair:1)
  A tengu warrior (D:13)
  9 alligators
  3 ogre magi
  12 death yaks
  An orc high priest (Orc:1)
  2 deep trolls (Orc:2)
  2 unseen horrors
  11 hill giants
  An orange crystal statue (D:8)
  6 swamp dragons
  A necromancer (D:14)
  3 deep elf magi
  A wizard (D:15)
  2 ugly things (D:12)
  A hornet (Swamp:4)
  3 griffons
  4 orc sorcerers
  An oklob plant (Lair:4)
  The ghost of no0bjke the Covert, a novice OpAs of Dithmenos (D:6)
  2 manticores
  5 cyclopes
  6 elephants
  A black mamba (Lair:8)
  A centaur zombie (D:14)
  2 gargoyles (D:11)
  17 spiny frogs
  2 centaur skeletons
  6 rime drakes
  9 komodo dragons
  A kobold demonologist (D:14)
  A spriggan druid (Lair:8)
  18 trolls
  12 two-headed ogres
  4 bog bodies
  10 giant leeches
  18 blink frogs
  5 polar bears (Lair:8)
  25 slime creatures
  3 redbacks (Lair:8)
  17 spriggans
  2 shadows
  2 water elementals (D:14)
  3 wraiths
  A vampire (D:13)
  2 wyverns
  2 hogs (Lair:7)
  55 yaks
  14 vampire mosquitoes
  2 hungry ghosts
  13 hippogriffs
  4 basilisks
  A soldier ant (D:13)
  2 wargs
  4 mottled dragons
  15 swamp worms
  26 water moccasins
  22 orc warriors
  14 porcupines
  7 swamp drakes
  5 sky beasts
  3 ice beasts
  10 wasps
  10 black bears
  8 phantoms
  A necrophage (D:5)
  3 eyes of draining
  9 centaurs
  42 wolves
  27 ogres
  4 boggarts (D:15)
  20 crocodiles
  7 big kobolds
  23 giant frogs
  3 scorpions
  13 killer bees
  8 wights
  2 electric eels (Lair:5)
  4 crimson imps
  5 howler monkeys
  9 hounds
  A gnoll shaman (D:7)
  11 jellies
  A giant frog skeleton (D:10)
  19 orc priests
  21 orc wizards
  14 iguanas
  Terence (D:2)
  4 worker ants
  Natasha (thrice) (D:2)
  A killer bee zombie (D:8)
  16 sheep
  2 hound zombies
  A worker ant zombie (D:6)
  10 gnolls
  A howler monkey skeleton (D:6)
  63 river rats
  19 adders
  6 shadow imps
  An ooze (Lair:7)
  2 adder skeletons
  An adder zombie (D:7)
  4 worms
  2 giant geckos
  72 orcs
  4 ball pythons
  3 giant cockroaches
  4 goblins
  8 hobgoblins
  8 jackals
  3 quokkas
  46 bats
  A giant gecko skeleton (D:6)
  7 giant newts
  20 kobolds
  3 quokka zombies (D:5)
  23 rats
  A briar patch (Swamp:2)
  A fungus (Sewer)
1086 creatures vanquished.

Vanquished Creatures (others)
  A human (Lair:7)
  A crocodile (Lair:7)
  2 electric eels (D:12)
  An adder (D:12)
  18 fungi
  4 plants
27 creatures vanquished.

Grand Total: 1113 creatures vanquished

Notes
Turn   | Place    | Note
--------------------------------------------------------------
     0 | D:1      | HaroldButt the Vampire Monk began the quest for the Orb.
     0 | D:1      | Reached XP level 1. HP: 17/17 MP: 1/1
   403 | D:2      | Reached XP level 2. HP: 17/23 MP: 2/2
   444 | D:2      | Reached skill level 5 in Unarmed Combat
   467 | D:2      | Noticed Terence
   821 | D:2      | Reached XP level 3. HP: 20/28 MP: 3/3
   858 | D:2      | Noticed Natasha
   872 | D:2      | Killed Natasha
   956 | D:2      | Found a glowing silver altar of Zin.
   956 | D:2      | Found a sparkling altar of Nemelex Xobeh.
   964 | D:2      | Reached skill level 6 in Unarmed Combat
   967 | D:2      | Reached XP level 4. HP: 15/34 MP: 4/4
   971 | D:2      | Found an iron altar of Okawaru.
   981 | D:2      | Noticed Natasha
  1161 | D:2      | Killed Natasha
  1562 | D:2      | Noticed Natasha
  1570 | D:2      | Killed Natasha
  1876 | D:2      | Killed Terence
  1876 | D:2      | Reached skill level 7 in Unarmed Combat
  1876 | D:2      | Reached XP level 5. HP: 17/39 MP: 5/5
  2882 | D:3      | Reached skill level 8 in Unarmed Combat
  2882 | D:3      | Reached XP level 6. HP: 21/46 MP: 6/6
  3382 | D:4      | Found Seli's Gadget Emporium.
  3429 | D:4      | Found Miug's Food Boutique.
  3626 | D:4      | Found Rothruism's General Store.
  3630 | D:4      | Bought a scroll of teleportation for 42 gold pieces
  3645 | D:4      | Found Tuyputoi's Magic Scroll Shop.
  3648 | D:4      | Bought a scroll of blinking for 97 gold pieces
  3718 | D:4      | Found Cahotzut's Magic Scroll Shop.
  4121 | D:4      | Reached skill level 9 in Unarmed Combat
  4269 | D:5      | Entered Level 5 of the Dungeon
  4269 | D:5      | Noticed an ice beast
  4283 | D:4      | Killed an ice beast
  4283 | D:4      | Reached XP level 7. HP: 20/51 MP: 7/7
  4523 | D:5      | Reached skill level 10 in Unarmed Combat
  4572 | D:5      | Reached skill level 1 in Armour
  4912 | D:5      | Reached XP level 8. HP: 49/57 MP: 8/8
  4982 | D:5      | Found a bloodstained altar of Trog.
  5198 | D:6      | Reached skill level 5 in Dodging
  5208 | D:6      | Found a glowing drain.
  5212 | D:6      | Noticed no0bjke's ghost (novice OpAs)
  5252 | D:6      | Killed no0bjke's ghost
  5271 | Sewer    | Entered a sewer
  6043 | D:6      | Reached XP level 9. HP: 56/62 MP: 9/9
  6290 | D:6      | Found an oddly glowing altar of Pakellas.
  6290 | D:6      | Noticed a troll
  6355 | D:6      | Killed a troll
  6355 | D:6      | Reached skill level 5 in Armour
  7377 | D:7      | Found a white marble altar of Elyvilon.
  7377 | D:7      | Found a shattered altar of Ashenzari.
  7377 | D:7      | Found a blossoming altar of Fedhas.
  7568 | D:7      | Noticed a hill giant
  7600 | D:7      | Killed a hill giant
  7917 | D:7      | Found a staircase to the Ecumenical Temple.
  7926 | Temple   | Entered the Ecumenical Temple
  7982 | Temple   | Became a worshipper of Cheibriados the Contemplative
  7982 | Temple   | Reached * piety under Cheibriados
  7982 | Temple   | Reached ** piety under Cheibriados
  8387 | D:7      | Found a snail-covered altar of Cheibriados.
  8613 | D:8      | Reached XP level 10. HP: 70/70 MP: 10/10
  8873 | D:8      | Found an opulent altar of Gozag.
  8929 | D:8      | Reached *** piety under Cheibriados
  9092 | D:8      | Reached skill level 11 in Unarmed Combat
  9251 | D:8      | Noticed an orange crystal statue
  9277 | D:8      | Killed an orange crystal statue
  9277 | D:8      | Reached **** piety under Cheibriados
  9277 | D:8      | Reached skill level 5 in Fighting
  9464 | D:9      | Found a stormy altar of Qazlal.
  9837 | D:9      | Reached skill level 12 in Unarmed Combat
  9850 | D:9      | Found a sacrificial altar of Ru.
 10153 | D:9      | Found a burning altar of Makhleb.
 10157 | D:9      | Reached XP level 11. HP: 82/82 MP: 11/11
 10329 | D:10     | Entered Level 10 of the Dungeon
 10472 | D:10     | Reached ***** piety under Cheibriados
 10571 | D:10     | Reached skill level 1 in Invocations
 10699 | D:10     | Found a staircase to the Lair.
 10770 | D:10     | Noticed a hill giant
 10778 | D:10     | Killed a hill giant
 10901 | D:10     | Noticed an unseen horror
 10907 | D:10     | Killed an unseen horror
 11222 | D:11     | You fall through a shaft for 3 floors!
 11628 | D:11     | Reached skill level 13 in Unarmed Combat
 12198 | D:12     | Reached ****** piety under Cheibriados
 12292 | D:12     | Found a staircase to the Orcish Mines.
 12365 | D:12     | Reached skill level 5 in Invocations
 12395 | D:12     | Noticed a red ugly thing
 12417 | D:12     | Killed a red ugly thing
 12635 | D:12     | Noticed a red ugly thing
 12644 | D:12     | Killed a red ugly thing
 12776 | D:12     | Found Xuat's Gadget Emporium.
 12786 | D:12     | Found Wessuciu's Jewellery Emporium.
 12793 | D:12     | Bought an uncursed ring of resist corrosion for 220 gold pieces
 12793 | D:12     | Bought an uncursed ring of stealth for 192 gold pieces
 13012 | D:12     | Found Oqonucidwa's Assorted Antiques.
 13296 | D:13     | Noticed a hill giant
 13307 | D:13     | Killed a hill giant
 13348 | D:13     | Found Teid's Gadget Boutique.
 13495 | D:13     | HP: 3/82 [very large slime creature (38)]
 13610 | D:13     | HP: 1/82 [large slime creature (27)]
 13727 | D:13     | Reached skill level 14 in Unarmed Combat
 13733 | D:13     | Reached XP level 12. HP: 79/89 MP: 16/16
 13805 | D:13     | Found Sufunwae's Gadget Shop.
 13925 | D:13     | Noticed an eight-headed hydra
 13928 | D:13     | Noticed an orc warlord
 13933 | D:13     | Noticed a tengu warrior
 14035 | D:13     | Noticed a centaur warrior
 14062 | D:13     | Killed a tengu warrior
 14067 | D:13     | Noticed minicreteconcrete's ghost (journeyman DrBe)
 14231 | Lair:1   | Entered Level 1 of the Lair of Beasts
 14526 | Lair:1   | Noticed a six-headed hydra
 14530 | Lair:1   | Noticed a seven-headed hydra
 14535 | Lair:1   | Killed a six-headed hydra
 14594 | Lair:1   | Reached skill level 15 in Unarmed Combat
 14605 | Lair:1   | Killed a seven-headed hydra
 14890 | Lair:1   | Noticed Erica
 14901 | Lair:1   | Killed Erica
 15142 | Lair:2   | Found an ancient bone altar of Kikubaaqudgha.
 15185 | Lair:1   | Reached XP level 13. HP: 90/94 MP: 20/20
 15410 | Lair:2   | Reached skill level 16 in Unarmed Combat
 15477 | Lair:2   | Reached skill level 10 in Invocations
 15786 | Lair:2   | Noticed Harold
 15791 | Lair:2   | Killed Harold
 16113 | Lair:3   | Found a labyrinth entrance.
 16129 | Lab      | Entered a labyrinth
 16196 | Lab      | Noticed a minotaur
 16211 | Lab      | Killed a minotaur
 17198 | Lair:4   | Reached skill level 10 in Dodging
 17633 | Lair:4   | Identified the Papyrus of Damaging Transformation
 18125 | Lair:5   | Got a polished leather armour
 18136 | Lair:5   | Identified the cursed +1 leather armour "Tozxirikh" {Int+6} (You found it on level 5 of the Lair of Beasts)
 18427 | Lair:5   | Reached XP level 14. HP: 105/105 MP: 22/22
 19094 | Lair:6   | Found a staircase to the Swamp.
 19119 | Lair:6   | HP: 7/157 [giant leech (3)]
 19296 | Lair:6   | Found a hole to the Spider Nest.
 20189 | Lair:7   | Noticed Kirke
 20208 | Lair:7   | Killed Kirke
 20289 | Lair:7   | Found a staircase to the Slime Pits.
 21093 | Lair:8   | Entered Level 8 of the Lair of Beasts
 21382 | Lair:8   | Identified a +6 rod of clouds (10/10) (You found it in a labyrinth)
 21581 | Lair:8   | Reached skill level 17 in Unarmed Combat
 21691 | Lair:8   | Reached XP level 15. HP: 110/110 MP: 4/23
 22537 | Orc:1    | Entered Level 1 of the Orcish Mines
 22537 | Orc:1    | Noticed Snorg
 22556 | Orc:1    | Killed Snorg
 22608 | Orc:1    | Reached skill level 18 in Unarmed Combat
 22796 | Orc:2    | Entered Level 2 of the Orcish Mines
 22801 | Orc:2    | Found a staircase to the Elven Halls.
 22820 | Orc:2    | Found Oxisykic's Jewellery Emporium.
 22951 | Orc:2    | Found Poumic's Weapon Emporium.
 22960 | Orc:2    | Found Jest's Jewellery Emporium.
 22973 | Orc:2    | Found Qicousis's Food Shoppe.
 23015 | Orc:2    | Noticed BrandedWarrior's ghost (journeyman DEVM)
 23028 | Orc:2    | Killed BrandedWarrior's ghost
 23043 | Orc:2    | Found Dykul's Assorted Antiques.
 23066 | Orc:1    | Found Varoejuk's Antique Armour Boutique.
 23292 | Orc:2    | Found Nummyij's Armour Boutique.
 23474 | Orc:2    | Reached skill level 19 in Unarmed Combat
 23517 | Orc:2    | Noticed Donald
 23535 | Orc:2    | Killed Donald
 23559 | Orc:2    | Noticed solomonrf's ghost (journeyman MiBe)
 23580 | Orc:2    | Killed solomonrf's ghost
 23886 | Orc:2    | Bought the amulet "Kugritofi" {RegenMP rC+ MR+ MP-9 Int+2} for 753 gold pieces
 24305 | D:13     | Found Naroomn's Magic Scroll Shop.
 24426 | D:13     | Killed an orc warlord
 24638 | D:13     | Killed minicreteconcrete's ghost
 24836 | D:14     | Found a gate to the Vaults.
 25069 | D:14     | Reached skill level 20 in Unarmed Combat
 25422 | D:15     | Entered Level 15 of the Dungeon
 25763 | D:15     | Found a staircase to the Depths.
 25763 | D:15     | Noticed a fire giant
 25765 | D:15     | Noticed Nessos
 25770 | D:15     | Killed Nessos
 25770 | D:15     | Reached XP level 16. HP: 118/118 MP: 6/24
 26530 | Swamp:1  | Entered Level 1 of the Swamp
 27684 | Swamp:2  | Reached skill level 10 in Fighting
 27784 | Swamp:2  | Noticed a thorn hunter
 27794 | Swamp:2  | Killed a thorn hunter
 28133 | Swamp:3  | Got a crude lead ring
 28134 | Swamp:3  | Identified the ring "Rit Lydgh" {rPois MP+9} (You found it on level 3 of the Swamp)
 28549 | Swamp:4  | Entered Level 4 of the Swamp
 28665 | Swamp:4  | Noticed Mara
 28671 | Swamp:4  | Noticed HaroldButt's illusion
 28883 | Swamp:4  | Reached skill level 15 in Dodging
 28945 | Swamp:4  | Noticed the 27-headed Lernaean hydra
 28978 | Swamp:4  | Slain by the 27-headed Lernaean hydra

Skill      XL: |  1  2  3  4  5  6  7  8  9 10 11 12 13 14 15 16 |
---------------+-------------------------------------------------+-----
Unarmed Combat | 5 6 7 8 9 10 12 14 15 16 17 20 | 20.1
Armour         | 2 4 6 7 9 |  9.0
Dodging        | 4 7 9 10 13 15 | 15.2
Fighting       | 3 6 8 11 | 11.0
Invocations    | 6 9 11 | 11.1
Stealth        | |  3.0

Action                   |  1- 3 |  4- 6 |  7- 9 | 10-12 | 13-15 | 16-18 || total
-------------------------+-------+-------+-------+-------+-------+-------++-------
Melee: Unarmed           |    68 |   204 |   457 |   873 |  1534 |   430 ||  3566
       Bite              |     4 |    19 |    46 |   180 |   290 |   105 ||   644
       Punch             |     3 |     5 |    21 |    91 |   243 |   100 ||   463
 Fire: Blowgun           |       |       |     3 |     4 |       |       ||     7
Invok: Slouch            |       |       |       |       |     9 |     1 ||    10
 Abil: Evoke Flight      |       |       |     1 |       |       |       ||     1
Evoke: Wand              |       |       |       |     4 |     1 |     9 ||    14
  Use: Potion            |     2 |    19 |    27 |    24 |    17 |    12 ||   101
       Scroll            |       |     9 |     4 |    21 |    13 |     6 ||    53
 Stab: Sleeping          |     5 |     6 |     4 |    21 |    30 |     2 ||    68
       Distracted        |     2 |     1 |       |     1 |     7 |     3 ||    14
       Paralysed         |       |       |       |     4 |       |       ||     4
  Eat: Corpse            |       |       |       |    10 |    56 |    10 ||    76
Armor: Robe              |     3 |    42 |    70 |       |       |       ||   115
       Plate armour      |       |       |       |    42 |       |       ||    42
       Ring mail         |       |       |       |   161 |   389 |   142 ||   692
       Skin              |       |       |       |       |    17 |       ||    17
Dodge: Dodged            |    40 |   123 |   340 |   775 |  1797 |   648 ||  3723
